 Dungeon Crawl Stone Soup version 0.31-a0-187-gba352fbbf7 (webtiles) character file.

Game seed: 11368181729635146869

29 qw the Shooter (level 3, 0/20 HPs)
             Began as a Deep Elf Hunter on June 22, 2023.
             Succumbed to their own poison gas
             ... on level 2 of the Dungeon.
             The game lasted 00:00:23 (1206 turns).

qw the Shooter (Deep Elf Hunter)                    Turns: 1206, Time: 00:00:23

Health: 0/20       AC:  7    Str: 10    XL:     3   Next: 1%
Magic:  5/5        EV: 11    Int: 13    God:
Gold:   58         SH:  0    Dex: 18    Spells: 2/2 levels left

rFire   . . .        a - +0 shortbow (heavy)
rCold   . . .        (shield currently unavailable)
rNeg    . . .        e - +0 ring mail
rPois   .            i - +0 helmet
rElec   .            (no cloak)
rCorr   .            g - +0 pair of gloves
SInv    .            (no boots)
Will    .....        (no amulet)
Stlth   +            (no ring)
HPRegen 0.23/turn    (no ring)
MPRegen 0.09/turn

%: no passive effects
@: lethally poisoned (0 -> -2), invisible
A: no striking features
a: no special abilities


You were on level 2 of the Dungeon.
You visited 1 branch of the dungeon, and saw 2 of its levels.

You collected 58 gold pieces.


   Skills:
 - Level 1.5 Fighting
 + Level 6.6 Ranged Weapons
 - Level 2.4 Dodging
 - Level 1.2 Stealth


You had 2 spell levels left.
You didn't know any spells.
Your spell library was empty.

Inventory:

Hand Weapons
 a - a +0 heavy shortbow (weapon)
Armour
 e - a +0 ring mail (worn)
 g - a +0 pair of gloves (worn)
 i - a +0 helmet (worn)
Scrolls
 d - a scroll of identify
Potions
 b - a potion of mutation {unknown}
 h - a potion of heal wounds {unknown}

Dungeon Overview and Level Annotations

Branches:
Dungeon (2/15)

Altars:

Shops:
D:2 =


Message History

Done exploring.
1196 ||| DRINKING 2 dark potions.
It was a potion of invisibility.
You fade into invisibility!
Done exploring.
1197 ||| DROPPING potion of invisibility.
You drop a potion of invisibility.
Done exploring.
(D) Dungeon
Where to? (* - list waypoints, Enter - D:2, ? - help)
What level of the Dungeon? (default 1, ? - help) Sorry, I don't know how to get there.
Enter note:
Enter note:
Enter note:
Enter note:
Enter note:
Enter note:
Enter note:
Enter note:
Enter note: Really walk into that cloud of poison gas?
You are poisoned.
You feel very sick.
1199 ||| Stepping ~*~*~tactically~*~*~ (cloud).
You feel very sick.
Things that are here:
a potion of invisibility; a ring of wizardry; a +0 leather armour
There is a lethal amount of poison in your body!
You feel sick.
There is a lethal amount of poison in your body!
You feel sick.
There is a lethal amount of poison in your body!
You feel sick.
There is a lethal amount of poison in your body!
You feel sick.
There is a lethal amount of poison in your body!
You feel sick.
There is a lethal amount of poison in your body!
You feel sick.
There is a lethal amount of poison in your body!
You die...

......# #......#
......# ####.####
......# #.......#
......# #.##.##0#
......# #.##.##.#
......# #.#..##.#
##.#### #.#.###0#
##.#### #.#.###¤#
......####.¤¤.0.@#
....#.....¤0¤#####
......########
###############
...##.#
#.............###
...##.#
#.#####.#.(.)...#
..<##.#
#.#####.#...#.#.#
......#
#.##.......##.#.#
#...###
###)##.##.#####.#.##
#...#
#.........#####.....


There were no monsters in sight!

Vanquished Creatures
  A worm (D:2)
  3 endoplasms (D:1)
  A giant cockroach (D:2)
  3 goblins
  2 hobgoblins
  3 jackals
  A bat (D:2)
  4 frilled lizards
  2 kobolds
  6 rats (D:1)
26 creatures vanquished.

Notes
Turn   | Place    | Note
-------+----------+-------------------------------------------
     0 | D:1      | qw the Deep Elf Hunter began the quest for the Orb.
     0 | D:1      | Reached XP level 1. HP: 12/12 MP: 3/3
     0 | D:1      | 0 ||| qw: Version: 0.3-a-9-g12657ce
     0 | D:1      | 0 ||| qw: Game counter: 2161
     0 | D:1      | 0 ||| qw: Always use a shield: true
     0 | D:1      | 0 ||| qw: God list: Okawaru
     0 | D:1      | 0 ||| qw: Allow faded altars: false
     0 | D:1      | 0 ||| qw: Do Orc after D:15 true
     0 | D:1      | 0 ||| qw: Do second Lair branch before Depths: true
     0 | D:1      | 0 ||| qw: Lair rune preference: random
     0 | D:1      | 0 ||| qw: Plans: Normal
     0 | D:1      | 0 ||| PLANNING D:1-11
   228 | D:1      | Reached skill level 6 in Ranged Weapons
   228 | D:1      | Reached XP level 2. HP: 16/16 MP: 4/4
   585 | D:1      | 585 ||| UPGRADING to +0 pair of gloves.
   590 | D:1      | 590 ||| UPGRADING to +0 helmet.
   595 | D:1      | 595 ||| READING scroll labelled CIZXAMN MEREIKH.
   596 | D:1      | 596 ||| READING scroll labelled LOUTWE ICHU.
   597 | D:1      | 597 ||| READING scroll labelled KOBYK ZORUOXATS.
   598 | D:1      | 598 ||| READING scroll labelled UDWERGH BAULIEBB.
   599 | D:1      | 599 ||| DROPPING scroll of butterflies.
   617 | D:2      | 617 ||| STAIRDANCE
   903 | D:2      | Found Cedweef's Jewellery Shop.
   913 | D:2      | 913 ||| SHOPLISTING +5 ring of evasion (432 gold, have 34).
   913 | D:2      | 913 ||| SHOPLISTING amulet of reflection (360 gold, have
                  | 34).
   913 | D:2      | 913 ||| SHOPLISTING amulet of regeneration (360 gold, have
                  | 34).
   913 | D:2      | 913 ||| SHOPLISTING ring of positive energy (240 gold, have
                  | 34).
   913 | D:2      | 913 ||| SHOPLISTING ring of protection from cold (300 gold,
                  | have 34).
   913 | D:2      | 913 ||| SHOPLISTING ring of see invisible (180 gold, have
                  | 34).
   997 | D:2      | Reached XP level 3. HP: 20/20 MP: 5/5
  1183 | D:2      | 1183 ||| UPGRADING to +0 ring mail.
  1193 | D:2      | 1193 ||| DROPPING +0 leather armour.
  1194 | D:2      | 1194 ||| DROPPING ring of wizardry.
  1195 | D:2      | 1195 ||| READING scroll labelled BUFAAS WAVIH.
  1196 | D:2      | 1196 ||| DRINKING 2 dark potions.
  1197 | D:2      | 1197 ||| DROPPING potion of invisibility.
  1199 | D:2      | 1199 ||| Stepping ~*~*~tactically~*~*~ (cloud).
  1200 | D:2      | HP: 5/20 [poisoned by you (poison gas)]
  1203 | D:2      | HP: 2/20 [poisoned by you (poison gas)]
  1206 | D:2      | Succumbed to their own poison gas

Levels and vault maps discovered:
D:1:      heliophobic_arrival_enchanted_forest, layout_loops_cross
D:2:      layout_loops_cross, serial_shops, nicolae_shop_trees, minmay_cupped

Skill      XL: |  1 |
---------------+----+-----
Ranged Weapons | 6 |  6.6
Fighting       | |  1.5
Dodging        | |  2.4
Stealth        | |  1.2

Action                     || total
---------------------------++-------
   Fire: Shortbow          ||    48
    Use: Scroll            ||     5
         Potion            ||     1
 Armour: Leather armour    ||     2
  Dodge: Dodged            ||     3

Table legend:
 A = Non-vault XP
 B = Vault XP
 C = Vault XP percentage of total XP
 D = Non-vault monster count
 E = Vault monster count
 F = Vault count percentage of total count
                 A         B        C        D         E       F
            +---------+---------+-------+---------+---------+-------
      Total |      40 |       2 |   4.8 |      25 |       1 |   3.8
            +---------+---------+-------+---------+---------+-------
        D:1 |      24 |       0 |   0.0 |      17 |       0 |   0.0
        D:2 |      16 |       2 |  11.1 |       8 |       1 |  11.1
            +---------+---------+-------+---------+---------+-------
